 Dungeon Crawl Stone Soup version 0.25-a0-189-gf71692caf1 (webtiles) character file.

Game seed: 15187105349926431621, levelgen mode: deterministic

672750 mortelune the Conqueror (level 27, -23/232 (245) HPs)
             Began as a Minotaur Berserker on Nov 29, 2019.
             Was the Champion of the Shining One.
             Annihilated by a stone giant (36 damage)
             ... created by the rage of Trog
             ... on level 2 of the Depths on Nov 30, 2019.
             The game lasted 04:18:26 (81244 turns).

mortelune the Conqueror (Minotaur Berserker)       Turns: 81244, Time: 04:18:26

HP:   -23/232 (245) AC: 47    Str: 30      XL:     27
MP:   31/31         EV: 10    Int:  8 (9)  God:    the Shining One [******]
Gold: 5785          SH:  0    Dex: 19 (20) Spells: 26/26 levels left

rFire    + + +     SeeInvis .   l - +9 executioner's axe of the Distant Future {holy, Int+3 Stlth-}
rCold    + + +     Gourm    .   (shield currently unavailable)
rNeg     + + +     Faith    .   h - +10 gold dragon scales
rPois    +         Spirit   .   R - +2 hat of Paoptos {+Inv rElec Dex-5}
rElec    +         Reflect  .   C - +1 cloak of Immorality {rN+ Regen+ Str-3 Dex+3}
rCorr    .         Harm     .   g - +3 pair of gauntlets of War {Slay+5}
MR       ++++.     Rnd*Rage +   U - +2 pair of boots of Idealism {Int+2} Stlth ..........Rnd*Tele +
                                m - amulet "Kurroely" {Acrobat rF++ Dex+3}
HPRegen  0.88/turn              V - ring of Kon Vurit {rF+ rC+ Dex+7}
MPRegen  0.22/turn              M - ring "Listagucwy" {MR++ Str+3 Dex+3}

@: about to teleport, glowing
A: retaliatory headbutt, fangs 1, horns 2, thin metallic scales 1, [berserk 2],
clever 1, clumsy 1[+1], cold resistance 1, [deformed body], deterioration 1[+1],
[dopey 2], frail 1, low mp 1, screaming 2[+1], electricity resistance,
teleportitis 1, subdued magic 1, MP-powered wands
}: 5/15 runes: decaying, serpentine, slimy, silver, abyssal
a: Divine Shield, Cleansing Flame, Summon Divine Warrior, Brand Weapon With Holy
Wrath, Renounce Religion, Evoke Invisibility


You were on level 2 of the Depths.
You worshipped the Shining One.
The Shining One was exalted by your worship.
You were not hungry.

You visited 11 branches of the dungeon, and saw 53 of its levels.
You visited the Abyss 2 times.
You also visited: Bailey, Ice Cave, Volcano and Wizlab.

You collected 8767 gold pieces.
You spent 2982 gold pieces at shops.

Inventory:

Hand Weapons
 l - the +9 executioner's axe of the Distant Future (weapon) {holy, Int+3 Stlth-}
   (Trog gifted it to you on level 3 of the Depths)

   It has been blessed by the Shining One to cause great damage to the undead
   and demons.
   It affects your intelligence (+3).
   It makes you less stealthy.
 y - a +9 executioner's axe of freezing
 Y - a +6 antimagic battleaxe
Missiles
 e - 38 javelins (quivered)
 i - 24 silver javelins
 s - 15 silver boomerangs
 Z - 14 boomerangs of dispersal
Armour
 g - the +3 pair of gauntlets of War (worn) {Slay+5}
   (You acquired it on level 1 of the Swamp)

   It affects your accuracy and damage with ranged weapons and melee attacks
   (+5).
 h - +10 gold dragon scales (worn)
 C - the +1 cloak of Immorality (worn) {rN+ Regen+ Str-3 Dex+3}
   (You found it on level 5 of the Vaults)

   It affects your strength (-3).
   It affects your dexterity (+3).
   It protects you from negative energy.
   It increases your rate of regeneration.
 Q - the +2 ratskin cloak {+Rats rPois rN+ Str-1 Int-1 Dex+1}
   (You bought it in a shop on level 2 of the Orcish Mines)

   It affects your strength (-1).
   It affects your intelligence (-1).
   It affects your dexterity (+1).
   It protects you from poison.
   It protects you from negative energy.
 R - the +2 hat of Paoptos (worn) {+Inv rElec Dex-5}
   (You acquired it on level 1 of the Swamp)

   It affects your dexterity (-5).
   It insulates you from electricity.
   It lets you turn invisible.
 U - the +2 pair of boots of Idealism (worn) {Int+2}
   (You acquired it on level 9 of the Dungeon)

   It affects your intelligence (+2).
Jewellery
 m - the amulet "Kurroely" (around neck) {Acrobat rF++ Dex+3}
   (You found it on level 6 of the Lair of Beasts)

   [amulet of the acrobat]

   It helps you evade while moving and waiting.
   It affects your dexterity (+3).
   It greatly protects you from fire.
 A - an uncursed ring of resist corrosion
 G - the ring "Ehuivvuq" {*Corrode rF+++ Str+2 Dex-3 SInv}
   (You found it on level 2 of the Depths)

   [ring of strength]

   It affects your strength (+2).
   It affects your dexterity (-3).
   It renders you almost immune to fire.
   It lets you see invisible.
   It may corrode you when you take damage.
 K - an uncursed ring of flight
 M - the ring "Listagucwy" (right hand) {MR++ Str+3 Dex+3}
   (You found it on level 2 of the Depths)

   [ring of strength]

   It affects your strength (+3).
   It affects your dexterity (+3).
   It affects your resistance to hostile enchantments.
 V - the ring of Kon Vurit (left hand) {rF+ rC+ Dex+7}
   (You took it off a deep elf mage on level 3 of the Elven Halls)

   [ring of protection from fire]

   It affects your dexterity (+7).
   It protects you from fire.
   It protects you from cold.
 W - the ring of Zim Jutt {*Corrode +Blink MR+ Int+2}
   (You found it on level 11 of the Dungeon)

   [ring of intelligence]

   It affects your intelligence (+2).
   It affects your resistance to hostile enchantments.
   It lets you blink.
   It may corrode you when you take damage.
Wands
 d - a wand of polymorph (18)
 q - a wand of digging (7)
 x - a wand of disintegration (27)
 I - a wand of paralysis (32)
 N - a wand of acid (45)
 O - a wand of iceblast (40)
Scrolls
 o - 8 scrolls of magic mapping
 p - 6 scrolls of blinking
 v - 11 scrolls of fog
 w - 27 scrolls of teleportation
 B - 9 scrolls of fear
 E - a scroll of silence
 F - 21 scrolls of remove curse
 L - 5 scrolls of identify
 S - 3 scrolls of holy word
 T - 9 scrolls of immolation
Potions
 a - 6 potions of cancellation
 f - 8 potions of haste
 j - 26 potions of curing
 k - 7 potions of agility
 r - 2 potions of flight
 t - 4 potions of might
 z - 3 potions of resistance
 D - 7 potions of berserk rage
 H - 5 potions of heal wounds
 J - 8 potions of brilliance
 P - 16 potions of mutation
Miscellaneous
 n - a box of beasts
 X - 2 phantom mirrors
Comestibles
 c - 60 rations


   Skills:
 O Level 27 Fighting
 - Level 26.0 Axes
 + Level 21.3 Throwing
 O Level 27 Armour
 - Level 2.4 Dodging
 * Level 17.2 Invocations
 - Level 8.2 Evocations


You had 26 spell levels left.
You didn't know any spells.
Your spell library contained the following spells:

 Spells                   Type           Power        Failure   Level  Hunger
 Animate Skeleton         Necr           N/A          90%         1    ##.....
 Apportation              Tloc           #.....       90%         1    ##.....
 Confusing Touch          Hex            #.....       90%         1    ##.....
 Freeze                   Ice            #...         90%         1    ##.....
 Magic Dart               Conj           #...         90%         1    ##.....
 Pain                     Necr           #...         90%         1    ##.....
 Shock                    Conj/Air       #...         90%         1    ##.....
 Sting                    Conj/Pois      #...         90%         1    ##.....
 Summon Butterflies       Summ           #.......     90%         1    ##.....
 Summon Small Mammal      Summ           #...         90%         1    ##.....
 Blink                    Tloc           N/A          97%         2    ###....
 Call Imp                 Summ           #.......     97%         2    ###....
 Passwall                 Tmut/Erth      #.......     97%         2    ###....
 Poisonous Vapours        Pois/Air       #.....       97%         2    ###....
 Searing Ray              Conj           #.....       97%         2    ###....
 Shroud of Golubria       Chrm/Tloc      #.....       97%         2    ###....
 Slow                     Hex            #.......     97%         2    ###....
 Sticks to Snakes         Tmut           #.......     97%         2    ###....
 Sublimation of Blood     Necr           #.........   97%         2    ###....
 Swiftness                Chrm/Air       #.......     97%         2    ###....
 Throw Flame              Conj/Fire      #.....       97%         2    ###....
 Throw Frost              Conj/Ice       #.....       97%         2    ###....
 Call Canine Familiar     Summ           #.......     99%         3    ####...
 Confuse                  Hex            #.......     99%         3    ####...
 Conjure Flame            Conj/Fire      #.......     99%         3    ####...
 Dazzling Spray           Conj/Hex       #.....       99%         3    ####...
 Gell's Gravitas          Tloc           #.........   99%         3    ####...
 Ignite Poison            Fire/Tmut/Pois #.......     99%         3    ####...
 Inner Flame              Hex/Fire       #.......     99%         3    ####...
 Lesser Beckoning         Tloc           #.........   99%         3    ####...
 Mephitic Cloud           Conj/Pois/Air  #.......     99%         3    ####...
 Ozocubu's Armour         Chrm/Ice       #.......     99%         3    ####...
 Regeneration             Chrm/Necr      #.........   99%         3    ####...
 Static Discharge         Conj/Air       #.......     99%         3    ####...
 Summon Guardian Golem    Hex/Summ       #.......     99%         3    ####...
 Teleport Other           Tloc           #.......     99%         3    ####...
 Tukima's Dance           Hex            #.......     99%         3    ####...
 Airstrike                Air            #.........   100%        4    #####..
 Animate Dead             Necr           N/A          100%        4    #####..
 Cause Fear               Hex            #.........   100%        4    #####..
 Force Lance              Conj/Tloc      #.......     100%        4    #####..
 Fulminant Prism          Conj/Hex       #.........   100%        4    #####..
 Ice Form                 Ice/Tmut       #.......     100%        4    #####..
 Iskenderun's Mystic Bla  Conj           #.......     100%        4    #####..
 Leda's Liquefaction      Hex/Erth       #.........   100%        4    #####..
 Olgreb's Toxic Radiance  Pois           #.......     100%        4    #####..
 Passage of Golubria      Tloc           N/A          100%        4    #####..
 Petrify                  Tmut/Erth      #.......     100%        4    #####..
 Summon Ice Beast         Ice/Summ       #.......     100%        4    #####..
 Summon Lightning Spire   Summ/Air       #.......     100%        4    #####..
 Throw Icicle             Conj/Ice       #.......     100%        4    #####..
 Alistair's Intoxication  Tmut/Pois      #.......     100%        5    ######.
 Bolt of Draining         Conj/Necr      #.........   100%        5    ######.
 Bolt of Magma            Conj/Fire/Erth #.........   100%        5    ######.
 Borgnjor's Vile Clutch   Necr/Erth      #.........   100%        5    ######.
 Excruciating Wounds      Chrm/Necr      #.........   100%        5    ######.
 Fireball                 Conj/Fire      #.........   100%        5    ######.
 Irradiate                Conj/Tmut      #.........   100%        5    ######.
 Iskenderun's Battlesphe  Conj/Chrm      #.......     100%        5    ######.
 Lightning Bolt           Conj/Air       #.........   100%        5    ######.
 Metabolic Englaciation   Hex/Ice        #.........   100%        5    ######.
 Silence                  Hex/Air        #.........   100%        5    ######.
 Summon Mana Viper        Hex/Summ       #.......     100%        5    ######.
 Venom Bolt               Conj/Pois      #.........   100%        5    ######.
 Yara's Violent Unravell  Hex/Tmut       #.........   100%        5    ######.
 Bolt of Cold             Conj/Ice       #.........   100%        6    #######
 Bolt of Fire             Conj/Fire      #.........   100%        6    #######
 Death Channel            Necr           #.........   100%        6    #######
 Deflect Missiles         Chrm/Air       #.........   100%        6    #######
 Freezing Cloud           Conj/Ice/Air   #.........   100%        6    #######
 Invisibility             Hex            #.......     100%        6    #######
 Iron Shot                Conj/Erth      #.........   100%        6    #######
 Ozocubu's Refrigeration  Ice            #.........   100%        6    #######
 Simulacrum               Ice/Necr       #.........   100%        6    #######
 Statue Form              Tmut/Erth      #........    100%        6    #######
 Dragon Form              Tmut           #.........   100%        7    #######
 Haunt                    Necr/Summ      #.........   100%        7    #######
 Orb of Destruction       Conj           #.........   100%        7    #######
 Ring of Flames           Chrm/Fire      #.........   100%        7    #######
 Spellforged Servitor     Conj/Summ      #.........   100%        7    #######
 Summon Hydra             Summ           #.........   100%        7    #######
 Controlled Blink         Tloc           N/A          100%        8    #######
 Discord                  Hex            #.........   100%        8    #######
 Ignition                 Fire           #.........   100%        8    #######
 Dragon's Call            Summ           #.........   100%        9    #######
 Shatter                  Erth           #.........   100%        9    #######
 Tornado                  Air            #.........   100%        9    #######


Dungeon Overview and Level Annotations

Branches:
Dungeon (15/15)            Temple (1/1) D:5            Lair (6/6) D:9
  Swamp (4/4) Lair:3        Snake (4/4) Lair:2        Slime (5/5) Lair:5
    Orc (2/2) D:10            Elf (3/3) Orc:2        Vaults (5/5) D:14
  Crypt (3/3) Vaults:3       Tomb (0/3) Crypt:3      Depths (5/5) D:15
    Zot (0/5) Depths:5     Bailey (visited)           IceCv (visited)
Volcano (visited)          WizLab (visited)

Altars:
Ashenzari
Cheibriados
Dithmenos
Elyvilon
Fedhas
Gozag
Hepliaklqana
Kikubaaqudgha
Makhleb
Nemelex Xobeh
Okawaru
Qazlal
Ru
Sif Muna
Trog
Uskayaw
Vehumet
Wu Jian
Xom
Yredelemnul
Zin
The Shining One
Jiyva

Shops:
D:4 ?   D:6 !   D:12 *   D:13 [   Orc:2 *=%[   Elf:2 (   Vaults:3 *
Depths:4 =}=

Portals:
Hell: Depths:1 Depths:2 Depths:3 Depths:4 Depths:5
Abyss: Depths:2 Depths:4 Depths:5
Pandemonium: Depths:2 Depths:3
Ziggurat: Depths:2

Annotations:
D:8 vault nec dig
Elf:2 1 runed translucent door


Innate Abilities, Weirdness & Mutations

You reflexively headbutt those who attack you in melee.
You have a pair of horns on your head.
You have very sharp teeth.
You are partially covered in thin metallic scales. (AC +2)
Your mind is acute. (Int +2)
Your flesh is cold resistant. (rC+)
You are frail. (-10% HP)
Your magical capacity is low. (-10% MP)
You are resistant to electric shocks. (rElec)
You are occasionally teleported next to monsters.
Your spells are a little easier to cast, but a little less powerful.
You expend magic power (3 MP) to strengthen your wands.
[You often lose your temper in combat.]
[You are very clumsy. (Dex -4)]
[Armour fits poorly on your strangely shaped body.]
[Your body often deteriorates upon taking damage.]
[You are very dopey. (Int -4)]
[You frequently scream uncontrollably at your foes.]


Message History

The stone giant hits you.
The stone giant hits you but does no damage.
You hit the stone giant.
The stone giant is almost dead.
You hit the stone giant. You slash the stone giant! x2
The stone giant hits you!!
* * * LOW HITPOINT WARNING * * *
The stone giant hits you!!
* * * LOW HITPOINT WARNING * * *
The stone giant hits you but does no damage. x2
As you read the scroll of teleportation, it crumbles to dust.
You feel strangely unstable.
The stone giant hits you but does no damage.
The stone giant hits you!
* * * LOW HITPOINT WARNING * * *
The stone giant completely misses you. You furiously retaliate!
You headbutt the stone giant!!
You kill the stone giant!
That felt strangely unrewarding.
The stone giant hits you!!!
You die...

..............................##
...............^...............##
..............................≈≈#
.............................≈≈≈≈
.≈≈≈≈≈≈.......≈≈≈≈≈≈........≈≈≈≈≈
≈≈≈≈≈≈≈≈.....≈≈≈≈≈≈≈≈......≈≈≈≈≈.
≈######≈≈...≈≈######≈≈.....≈≈≈≈..
≈#....#≈≈...≈≈#C...#≈≈≈≈≈≈≈≈≈≈≈..
≈#..∩.#≈≈...≈≈#.@C=#≈≈≈≈≈≈≈≈≈≈≈.#
≈#....#≈≈...≈≈#..C)#≈######≈≈≈≈##
≈#'######'''######'###...)#≈≈≈##
##..#...........#..###..∩.#≈≈##
#...#...........#...##..[.#≈##
..).#...#...#...#....#.######
..#'#...........#'#).#'#
.[#.#...#...#...#.#..)^# #######
..#.#...........#.#....# #§≈≈≈≈#


You could see 3 stone giants.

Vanquished Creatures
  the Royal Jelly (Slime:5)
  An ancient lich (Crypt:2)
  Mennas (Crypt:1)
  Mara (Vaults:3)
  the Lernaean hydra (Swamp:4)
  Xtahua (Crypt:1)
  Saint Roka (Snake:4)
  Nikola (Elf:3)
  2 golden dragons
  Jory (Crypt:3)
  4 bone dragons
  2 liches
  A profane servitor (Crypt:3)
  A hellephant (Abyss:3)
  Jorgrun (D:13)
  4 tentacled monstrosities
  Asterion (Vaults:3)
  Rupert (Vaults:3)
  4 titans (Vaults:5)
  2 deep elf master archers (Elf:3)
  3 deep elf blademasters
  2 sphinxes
  10 acid blobs
  2 ancient champions
  An Executioner (Abyss:2)
  5 shadow dragons
  20 tentacled starspawn
  Kirke (D:12)
  Roxanne (Swamp:4)
  A thorn hunter (Swamp:3)
  Agnes (Elf:2)
  5 tengu reavers
  2 storm dragons
  2 revenants
  8 nagarajas (Snake:4)
  A fire giant (shapeshifter) (Depths:2)
  8 azure jellies
  6 frost giants
  A draconian knight (Vaults:3)
  10 fire giants
  2 balrugs
  7 deep elf sorcerers
  20 vault wardens
  4 cacodemons
  2 iron dragons
  An emperor scorpion (shapeshifter) (Vaults:5)
  A curse skull (Crypt:1)
  12 ironheart preservers
  4 draconian stormcallers (Depths:5)
  8 deep elf elementalists
  3 spriggan defenders
  21 very ugly things
  A draconian annihilator (Depths:5)
  4 ghouls
  12 war gargoyles
  An entropy weaver (Vaults:5)
  34 stone giants
  6 deep elf demonologists
  11 vampire knights
  An entropy weaver (shapeshifter) (Depths:2)
  An ophan (Abyss:3)
  Azrael (D:15)
  2 black draconians (Depths:5)
  A lorocyproca (Abyss:3)
  4 deep elf annihilators
  A red draconian (Depths:5)
  7 spark wasps (Depths:3)
  A purple draconian (Depths:5)
  11 crystal guardians (Depths:2)
  4 eidola
  12 ettins
  Snorg (Orc:2)
  11 deep elf death magi
  2 blizzard demons
  22 yaktaur captains
  2 green deaths (Abyss:3)
  14 fire dragons
  3 merfolk impalers
  A merfolk javelineer (Depths:1)
  22 jiangshi
  5 death oozes (Slime:5)
  6 deep elf high priests
  17 ogre magi
  15 great orbs of eyes
  Harold (D:10)
  7 rakshasas
  32 vault guards
  5 ice dragons
  13 naga warriors
  2 shambling mangroves (Swamp:1)
  5 centaur warriors
  17 hydras
  3 catoblepae
  A merfolk avatar (Lair:6)
  3 spriggan air magi
  4 anacondas
  50 two-headed ogres
  13 alligators
  3 ghost crabs
  Erica (D:10)
  45 dancing weapons
  A death yak (shapeshifter) (Depths:2)
  9 death yaks
  A queen ant (shapeshifter) (Depths:2)
  7 deep troll shamans
  7 death knights
  5 vampire magi
  5 deep troll earth magi
  A hell hog (Abyss:2)
  3 shock serpents
  An orc high priest (Elf:2)
  14 naga sharpshooters
  Urug (Lair:3)
  8 spriggans
  7 tengu warriors
  A spriggan berserker (Depths:3)
  9 hell knights
  28 small abominations
  22 deep elf knights
  2 sun demons (Depths:5)
  A shock serpent (shapeshifter) (Depths:2)
  9 thrashing horrors (Abyss:3)
  13 wretched stars (Abyss:3)
  2 sixfirhies
  2 salamander mystics (Snake:3)
  6 soul eaters
  A fire crab (Abyss:3)
  24 skeletal warriors
  An iron troll (shapeshifter) (Depths:2)
  19 deep trolls
  An unseen horror (shapeshifter) (Depths:5)
  8 shadow wraiths
  A sea snake (Lair:6)
  3 spatial maelstroms
  8 iron trolls
  5 unseen horrors
  14 ironbrand convokers
  A sea snake (shapeshifter) (Abyss:2)
  A golden dragon zombie (Vaults:5)
  6 naga ritualists
  3 spriggan druids
  14 deep elf archers
  An orange crystal statue (WizLab)
  10 wizards
  9 swamp dragons
  5 flayed ghosts
  4 obsidian statues (Depths:2)
  A shadow dragon zombie (Abyss:3)
  7 phantasmal warriors
  18 glowing orange brains
  7 mana vipers
  Pikel (D:5)
  8 necromancers
  A mana viper (shapeshifter) (Vaults:5)
  6 harpies
  9 orc sorcerers
  38 ugly things
  60 deep elf magi
  An orb spider (shapeshifter) (Vaults:3)
  11 orc knights
  A stone giant zombie (Vaults:4)
  A fire giant zombie (Crypt:2)
  2 manticores
  A sphinx skeleton (Vaults:4)
  5 wolf spiders
  A cyclops (shapeshifter) (Depths:4)
  15 cyclopes
  15 salamanders
  A frost giant zombie (Crypt:2)
  A salamander (shapeshifter) (Elf:1)
  8 worldbinders
  3 centaur zombies
  A moth of wrath (shapeshifter) (Depths:2)
  18 elephants
  34 black mambas
  11 vault sentinels
  3 molten gargoyles (Depths:2)
  3 water nymphs (shapeshifter)
  4 orange demons
  20 naga magi
  10 eyes of devastation
  2 ice statues
  4 apocalypse crabs
  2 frost giant skeletons
  12 smoke demons
  8 gargoyles
  A shock serpent skeleton (Crypt:2)
  2 centaur skeletons (D:11)
  9 spiny frogs
  2 catoblepas zombies (Crypt:2)
  3 kobold demonologists
  A hellion (Abyss:3)
  5 rime drakes
  3 efreet
  A yaktaur (shapeshifter) (D:14)
  A yaktaur zombie (Vaults:5)
  5 hellwings
  5 komodo dragons
  60 yaktaurs
  A white draconian zombie (Crypt:1)
  11 ancient zymes (Abyss:3)
  2 komodo dragons (shapeshifter)
  15 freezing wraiths
  A purple draconian skeleton (Crypt:2)
  An ice devil (Depths:3)
  2 red devils
  3 tengu conjurers
  22 trolls
  A harpy zombie (Crypt:3)
  16 hornets
  A merfolk (shapeshifter) (Depths:2)
  A silent spectre (Abyss:3)
  A tengu simulacrum (Vaults:3)
  26 polar bears
  82 slime creatures
  11 tyrant leeches
  3 wind drakes
  A hornet (shapeshifter) (Elf:2)
  2 shadow dragon simulacra
  39 raiju
  A wolf spider simulacrum (Crypt:3)
  A sphinx simulacrum (Vaults:5)
  An ettin zombie (Crypt:1)
  13 bog bodies
  A hippogriff (shapeshifter) (Vaults:1)
  An ice dragon zombie (Crypt:1)
  4 hippogriffs
  A fire dragon zombie (Crypt:1)
  A fire giant simulacrum (Abyss:3)
  12 blink frogs
  An alligator zombie (Crypt:1)
  44 flying skulls (Crypt:3)
  A black mamba zombie (Crypt:2)
  An ettin skeleton (Abyss:3)
  2 redbacks (Vaults:4)
  A vampire (D:13)
  A fire dragon skeleton (Crypt:2)
  8 air elementals
  Sigmund (D:5)
  2 redbacks (shapeshifter)
  2 spriggans (shapeshifter)
  30 water elementals
  A fire bat (shapeshifter) (Abyss:3)
  2 yaks (shapeshifter)
  9 ynoxinuls
  4 wyverns
  8 shadows
  74 yaks
  A tarantella (shapeshifter) (Vaults:4)
  3 fire bats (Orc:1)
  21 humans (D:14)
  4 golden eyes
  6 wraiths
  11 fire elementals
  2 basilisks
  A golden eye (shapeshifter) (Elf:2)
  9 neqoxecs
  8 vampire mosquitoes
  2 hungry ghosts
  5 spatial vortices
  9 chaos spawn
  6 wargs
  11 insubstantial wisps
  36 large abominations
  42 nagas
  A soldier ant (shapeshifter) (Vaults:2)
  A monstrous demonspawn zombie (Crypt:1)
  17 swamp worms
  2 acid dragons
  A deep troll zombie (Vaults:4)
  A soldier ant (D:15)
  A swamp worm (shapeshifter) (Depths:3)
  A floating eye (shapeshifter) (Vaults:5)
  3 floating eyes
  14 swamp drakes
  7 porcupines
  A spiny frog zombie (Crypt:2)
  16 water moccasins
  2 hell hounds (D:15)
  A slave (D:5)
  54 orc warriors
  A sky beast (Abyss:3)
  2 ettin simulacra
  2 ice beasts
  4 eyes of draining
  An eye of draining (shapeshifter) (D:13)
  A snapping turtle zombie (Crypt:3)
  14 black bears
  3 boggarts (Depths:3)
  69 ogres
  2 phantoms (D:5)
  5 necrophages
  32 wolves
  A wolf (shapeshifter) (Depths:2)
  25 centaurs
  A rime drake zombie (Crypt:2)
  8 crocodiles
  A hog skeleton (Crypt:2)
  11 big kobolds
  18 bullfrogs
  12 earth elementals
  A water moccasin skeleton (Crypt:2)
  9 scorpions
  A warg skeleton (Crypt:1)
  41 killer bees
  18 wights
  4 howler monkeys
  6 electric eels
  13 crimson imps
  3 bullfrog zombies
  3 quasits
  A human simulacrum (Vaults:1)
  21 orc priests
  94 starcursed masses
  9 hounds
  41 orc wizards
  3 jellies
  A gnoll shaman (D:4)
  4 iron imps
  Terence (D:2)
  3 iguanas
  9 worker ants
  4 hell rats (Lair:6)
  A tengu zombie (Abyss:3)
  2 howler monkey zombies
  2 worker ant zombies
  6 gnolls (D:5)
  21 adders
  10 shadow imps
  A howler monkey simulacrum (D:11)
  5 white imps
  2 ufetubi
  3 oozes
  An adder zombie (D:6)
  A lava snake skeleton (Crypt:2)
  7 ball lightnings (Depths:2)
  A barachi skeleton (Crypt:2)
  5 dart slugs
  8 leopard geckos
  109 orcs
  A ball python (D:5)
  7 bats
  2 giant cockroaches
  4 goblins
  5 hobgoblins
  17 jackals
  9 quokkas
  6 frilled lizards
  A jackal skeleton (D:7)
  29 kobolds
  2 leopard gecko skeletons
  A leopard gecko zombie (D:5)
  8 rats
  A rat skeleton (Crypt:1)
  8 crawling corpses
  6 fungi
  8 plants
  36 starspawn tentacles
3013 creatures vanquished.

Vanquished Creatures (collateral kills)
  A profane servitor (Abyss:3)
  A moon troll (WizLab)
  3 acid blobs (Slime:5)
  5 azure jellies
  Aizul (Snake:2)
  A balrug (Abyss:3)
  A stone giant (Abyss:3)
  2 ironheart preservers
  2 very ugly things
  An entropy weaver (Vaults:4)
  Nessos (Lair:6)
  An eidolon (Abyss:3)
  6 death oozes (Slime:5)
  A green death (Abyss:3)
  A yaktaur captain (Depths:1)
  2 great orbs of eyes
  2 hydras (Swamp:4)
  An ice dragon (Depths:1)
  An anaconda (Snake:2)
  13 two-headed ogres
  An ogre mage (Orc:2)
  3 death yaks (D:9)
  2 thrashing horrors (Abyss:3)
  5 naga sharpshooters (Snake:4)
  A fire crab (Abyss:3)
  A wretched star (Abyss:3)
  A hell knight (Abyss:3)
  2 spatial maelstroms (Abyss:3)
  A swamp dragon (Swamp:4)
  A naga ritualist (Snake:4)
  A deep elf archer (Vaults:4)
  2 shining eyes
  A mana viper (Snake:2)
  An ugly thing (Abyss:3)
  2 worldbinders (Abyss:3)
  6 large abominations (Abyss:3)
  3 elephants (Lair:3)
  A black mamba (Snake:2)
  An eye of devastation (Abyss:3)
  3 smoke demons (Abyss:3)
  An orange demon (Abyss:3)
  A vault sentinel (Vaults:3)
  3 naga magi
  A yaktaur (Vaults:4)
  2 ancient zymes (Abyss:3)
  2 hellwings (Abyss:3)
  A troll (Abyss:3)
  4 slime creatures
  4 raiju (Abyss:3)
  A blink frog (Abyss:3)
  A bog body (Swamp:4)
  A redback (Vaults:4)
  A spriggan (shapeshifter) (Abyss:3)
  3 small abominations (Abyss:3)
  2 golden eyes (Abyss:2)
  A hungry ghost (D:9)
  A chaos spawn (Abyss:3)
  5 spatial vortices (Abyss:3)
  4 nagas
  2 hell hounds (Abyss:3)
  A water moccasin (Lair:3)
  An orc warrior (Vaults:3)
  A black bear (Abyss:3)
  3 starcursed masses (Abyss:3)
  8 ogres
  7 killer bees (D:8)
  A hound (D:9)
  An iron imp (Abyss:3)
  An orc wizard (D:9)
  An ufetubus (Abyss:3)
  3 orcs
  A starspawn tentacle (WizLab)
156 creatures vanquished.

Vanquished Creatures (others)
  An orc knight (Vaults:4)
  A wind drake (Depths:2)
  5 dream sheep (D:5)
  A wraith (Abyss:3)
  A naga (Snake:2)
  A centaur (D:13)
  A bullfrog (D:14)
  An iron imp (Abyss:3)
  An orc wizard (D:5)
  A small abomination (Abyss:3)
  A white imp (Abyss:2)
  A worm (D:5)
  2 ball lightnings (Depths:2)
  2 orcs (D:5)
  A briar patch (Swamp:3)
  A demonic plant (WizLab)
  20 fungi
  A lurking horror (Abyss:3)
  35 plants
  23 starspawn tentacles
101 creatures vanquished.

Grand Total: 3270 creatures vanquished

Notes
Turn   | Place    | Note
-------+----------+-------------------------------------------
     0 | D:1      | mortelune the Minotaur Berserker began the quest for the
                  | Orb.
     0 | D:1      | Reached XP level 1. HP: 19/19 MP: 0/0
   311 | D:1      | Reached XP level 2. HP: 22/27 MP: 1/1
   804 | D:1      | Reached XP level 3. HP: 28/33 MP: 2/2
  1256 | D:2      | Noticed Terence
  1268 | D:2      | Killed Terence
  1312 | D:2      | Found a shadowy altar of Dithmenos.
  1373 | D:2      | Reached XP level 4. HP: 40/40 MP: 3/3
  1471 | D:2      | Reached ** piety under Trog
  1953 | D:3      | Found a basalt altar of Yredelemnul.
  1955 | D:3      | Found a shattered altar of Ashenzari.
  1996 | D:3      | Reached skill level 5 in Axes
  2346 | D:3      | Found a snail-covered altar of Cheibriados.
  2428 | D:3      | Reached XP level 5. HP: 46/47 MP: 4/4
  3020 | D:4      | Found a burning altar of Makhleb.
  3020 | D:4      | Found a radiant altar of Vehumet.
  3033 | D:4      | Reached skill level 5 in Fighting
  3087 | D:4      | Reached XP level 6. HP: 51/56 MP: 5/5
  3190 | D:4      | Found a sparkling altar of Nemelex Xobeh.
  3517 | D:4      | Found Jeystex's Magic Scroll Shop.
  3525 | D:4      | Bought a scroll of blinking for 82 gold pieces
  3525 | D:4      | Bought a scroll of fog for 22 gold pieces
  3714 | D:4      | Reached *** piety under Trog
  3956 | D:4      | Reached XP level 7. HP: 62/62 MP: 6/6
  3960 | D:4      | Reached skill level 5 in Armour
  4147 | D:4      | Found a blossoming altar of Fedhas.
  4397 | D:4      | Received a gift from Trog
  4688 | D:5      | Entered Level 5 of the Dungeon
  4714 | D:5      | Found an iron altar of Okawaru.
  4840 | D:5      | Noticed Sigmund
  4851 | D:5      | Reached XP level 8. HP: 71/71 MP: 7/7
  4857 | D:5      | Killed Sigmund
  4981 | D:5      | Noticed Pikel
  5014 | D:5      | Killed Pikel
  5014 | D:5      | Reached skill level 10 in Axes
  5145 | D:5      | Found a staircase to the Ecumenical Temple.
  5245 | D:5      | Reached **** piety under Trog
  5301 | D:5      | Reached XP level 9. HP: 76/81 MP: 6/8
  5420 | D:5      | Found a shimmering altar of Xom.
  5949 | D:6      | Found a hide-covered altar of Uskayaw.
  6347 | D:6      | Found Heqygi's Distillery.
  6355 | D:6      | Bought a potion of resistance for 100 gold pieces
  6355 | D:6      | Bought a potion of heal wounds for 50 gold pieces
  6767 | D:7      | Found a hazy altar of Hepliaklqana.
  6955 | D:7      | Got a transparent quarterstaff
  6956 | D:7      | Identified the +12 quarterstaff "Letiles" {flame, rPois}
                  | (You found it on level 7 of the Dungeon)
  6986 | D:7      | Found a glowing golden altar of the Shining One.
  7401 | D:8      | Reached ***** piety under Trog
  7415 | D:8      | Reached XP level 10. HP: 91/91 MP: 7/9
  7884 | D:8      | Received a gift from Trog
  8045 | D:8      | Reached skill level 10 in Fighting
  8846 | D:9      | Noticed a death yak
  8846 | D:9      | Noticed a death yak
  8847 | D:9      | Noticed a death yak
  8847 | D:9      | Noticed a death yak
  8847 | D:9      | Noticed a death yak
  8858 | D:9      | Killed a death yak
  8859 | D:9      | Noticed a death yak
  8859 | D:9      | Killed a death yak
  8859 | D:9      | Reached skill level 10 in Armour
  8860 | D:9      | Noticed a death yak
  8860 | D:9      | Noticed a death yak
  8861 | D:9      | Noticed a death yak
  8864 | D:9      | Killed a death yak
  8870 | D:9      | Killed a death yak
  8870 | D:9      | Reached XP level 11. HP: 68/101 MP: 7/10
  8876 | D:9      | Killed a death yak
  8879 | D:9      | Killed a death yak
  8883 | D:9      | Killed a death yak
  8887 | D:9      | Killed a death yak
  8903 | D:9      | Killed a death yak
  9167 | D:9      | Reached skill level 15 in Axes
  9329 | D:9      | Found a staircase to the Lair.
  9655 | D:9      | Identified 2 scrolls of acquirement
  9658 | D:9      | Got a pair of dazzling boots
  9669 | D:9      | Identified the +2 pair of boots of Idealism {Int+2} (You
                  | acquired it on level 9 of the Dungeon)
  9673 | D:9      | Got a pair of fine gloves
  9684 | D:9      | Identified the -3 pair of gloves "Qarghari" {SInv} (You
                  | acquired it on level 9 of the Dungeon)
  9716 | D:10     | Entered Level 10 of the Dungeon
 10262 | D:10     | Noticed Harold
 10285 | D:10     | Killed Harold
 10671 | D:10     | Reached XP level 12. HP: 111/112 MP: 9/11
 10866 | D:10     | Noticed Erica
 10869 | D:10     | Paralysed by Erica for 6 turns
 10877 | D:10     | Killed Erica
 11059 | D:10     | Found a staircase to the Orcish Mines.
 11179 | Lair:1   | Entered Level 1 of the Lair of Beasts
 12485 | Lair:2   | Noticed a catoblepas
 12496 | Lair:2   | Killed a catoblepas
 12691 | Lair:2   | Found a staircase to the Snake Pit.
 14159 | Lair:3   | Noticed Urug
 14174 | Lair:3   | Killed Urug
 14605 | Lair:3   | Noticed a catoblepas
 14627 | Lair:3   | Killed a catoblepas
 14633 | Lair:3   | Reached XP level 13. HP: 90/122 MP: 9/12
 14983 | Lair:3   | Found a staircase to the Swamp.
 16275 | Lair:5   | Received a gift from Trog
 16280 | Lair:5   | Got a crude battleaxe {god gift}
 16281 | Lair:5   | Identified the +6 battleaxe "Ysoor" {drain, rN+ Int+4
                  | Stlth+} (Trog gifted it to you on level 5 of the Lair of
                  | Beasts)
 16344 | Lair:5   | Got a faintly glowing hand axe
 16345 | Lair:5   | Identified the +4 hand axe of the Badger {venom, Dex+3}
                  | (You found it on level 5 of the Lair of Beasts)
 16656 | Lair:5   | Found a viscous altar of Jiyva.
 16656 | Lair:5   | Found a staircase to the Slime Pits.
 17110 | Lair:6   | Entered Level 6 of the Lair of Beasts
 17289 | Lair:6   | Reached ****** piety under Trog
 17724 | Lair:6   | Noticed Nessos
 17735 | Lair:6   | Killed Nessos
 17937 | Lair:6   | Reached XP level 14. HP: 133/133 MP: 13/13
 19078 | Lair:6   | Got a sparkling tin amulet
 19081 | Lair:6   | Identified the amulet "Kurroely" {Acrobat rF++ Dex+3} (You
                  | found it on level 6 of the Lair of Beasts)
 19104 | Lair:6   | Got a crystal lajatang
 19105 | Lair:6   | Identified the +1 lajatang of the Big Fish {slice, +Fly
                  | rPois SInv} (You found it on level 6 of the Lair of Beasts)
 19769 | Orc:1    | Entered Level 1 of the Orcish Mines
 19786 | Orc:2    | Entered Level 2 of the Orcish Mines
 19786 | Orc:2    | Found a staircase to the Elven Halls.
 19816 | Orc:1    | Received a gift from Trog
 19856 | Orc:1    | Found a dark tunnel.
 19865 | Volcano  | Entered a volcano
 20166 | Orc:1    | Found a flagged portal.
 20185 | Bailey   | Entered a bailey
 20278 | Bailey   | Reached skill level 15 in Fighting
 20630 | Bailey   | Got a smoking hunting sling
 20631 | Bailey   | Identified the +5 hunting sling of the Wasteland {flame,
                  | MR- Str+4 Dex+4} (You found it in a bailey)
 21202 | Orc:2    | Noticed Snorg
 21211 | Orc:2    | Killed Snorg
 21213 | Orc:2    | Reached skill level 1 in Throwing
 21220 | Orc:2    | Reached skill level 15 in Armour
 21228 | Orc:2    | Received a gift from Trog
 21253 | Orc:2    | Received a gift from Trog
 21348 | Orc:2    | Received a gift from Trog
 21395 | Orc:2    | Found Xetao's Jewellery Boutique.
 21395 | Orc:2    | Found Hisoqium's Antique Armour Emporium.
 21396 | Orc:2    | Found Souxaic's Assorted Antiques.
 21396 | Orc:2    | Found Fomooth's Food Boutique.
 21610 | Orc:2    | Bought a scroll of teleportation for 78 gold pieces
 21610 | Orc:2    | Bought a scroll of identify for 52 gold pieces
 21614 | Orc:2    | Bought the +2 ratskin cloak {+Rats rPois rN+ Str-1 Int-1
                  | Dex+1} for 806 gold pieces
 21614 | Orc:2    | Found the +2 ratskin cloak {+Rats rPois rN+ Str-1 Int-1
                  | Dex+1}
 22323 | Orc:2    | Bought a faintly humming plate armour for 812 gold pieces
 22333 | Orc:2    | Identified the +10 plate armour of the Ant {rPois rF+ rCorr
                  | Int-5} (You bought it in a shop on level 2 of the Orcish
                  | Mines)
 22715 | D:11     | Reached XP level 15. HP: 132/144 MP: 14/14
 22951 | D:11     | Reached skill level 5 in Throwing
 23144 | D:11     | Got a crude lapis lazuli ring
 23146 | D:11     | Identified the ring of Zim Jutt {*Corrode +Blink MR+ Int+2}
                  | (You found it on level 11 of the Dungeon)
 23573 | D:12     | Received a gift from Trog
 24072 | D:12     | Found Wiolooju's Assorted Antiques.
 24076 | D:12     | Bought a scroll of identify for 58 gold pieces
 24076 | D:12     | Bought a scroll of identify for 58 gold pieces
 24150 | D:12     | Noticed Kirke
 24160 | D:12     | Killed Kirke
 24251 | D:13     | Found a frozen archway.
 24266 | IceCv    | Entered an ice cave
 24893 | IceCv    | Received a gift from Trog
 25203 | IceCv    | Noticed a frost giant
 25213 | IceCv    | Killed a frost giant
 25264 | IceCv    | Got an ichor-stained shortbow
 25265 | IceCv    | Identified the +5 shortbow of the Beginning {flame, MR-
                  | MP+9 Int+3 Dex+3} (You found it in an ice cave)
 25906 | D:13     | Noticed Jorgrun
 25919 | D:13     | Killed Jorgrun
 26013 | D:13     | Found Veiblolu's Antique Armour Emporium.
 26145 | D:13     | Received a gift from Trog
 26848 | D:14     | Reached XP level 16. HP: 152/155 MP: 15/15
 26866 | D:14     | Received a gift from Trog
 26942 | D:14     | Found a gate to the Vaults.
 27331 | D:15     | Entered Level 15 of the Dungeon
 27421 | D:15     | Cast into level 2 of the Abyss (a wizard)
 27434 | D:15     | Escaped the Abyss
 27469 | D:15     | Noticed Azrael
 27485 | D:15     | Killed Azrael
 28066 | D:15     | Found a staircase to the Depths.
 28689 | Snake:1  | Entered Level 1 of the Snake Pit
 28829 | Snake:1  | Received a gift from Trog
 30826 | Snake:2  | Reached skill level 10 in Throwing
 31056 | Snake:2  | Noticed Aizul
 31077 | Snake:2  | Killed Aizul
 31988 | Snake:2  | Received a gift from Trog
 32583 | Snake:3  | Reached skill level 1 in Evocations
 32721 | Snake:3  | Reached XP level 17. HP: 164/166 MP: 17/17
 32916 | Snake:3  | Received a gift from Trog
 33393 | D:4      | Bought a scroll of teleportation for 33 gold pieces
 33393 | D:4      | Bought a scroll of enchant weapon for 82 gold pieces
 33393 | D:4      | Bought a scroll of enchant armour for 82 gold pieces
 33393 | D:4      | Bought a scroll of enchant weapon for 82 gold pieces
 33709 | Orc:2    | Bought a scroll of enchant weapon for 195 gold pieces
 33709 | Orc:2    | Bought a scroll of enchant weapon for 195 gold pieces
 33941 | Snake:4  | Entered Level 4 of the Snake Pit
 34149 | Snake:4  | Noticed Saint Roka
 35290 | Snake:4  | Killed Saint Roka
 35387 | Snake:4  | Received a gift from Trog
 36347 | Snake:4  | Received a gift from Trog
 36428 | Snake:4  | Received a gift from Trog
 36952 | Snake:4  | Got a serpentine rune of Zot
 37513 | Swamp:1  | Entered Level 1 of the Swamp
 37553 | Swamp:1  | Received a gift from Trog
 38005 | Swamp:1  | Received a gift from Trog
 38355 | Swamp:1  | Identified the +5 ring mail of Lesser Demons {+Fly Int+6
                  | Dex-4 Slay-4} (You found it on level 1 of the Swamp)
 38475 | Swamp:1  | Reached XP level 18. HP: 176/176 MP: 18/18
 38595 | Swamp:1  | Got a slimy hat
 38601 | Swamp:1  | Identified the +2 hat of Paoptos {+Inv rElec Dex-5} (You
                  | acquired it on level 1 of the Swamp)
 38602 | Swamp:1  | Found the +3 pair of gauntlets of War {Slay+5}
 39282 | Swamp:2  | Received a gift from Trog
 39290 | Swamp:2  | Identified the +2 battleaxe "Beastslayer" {distort, Dex+2}
                  | (Trog gifted it to you on level 2 of the Swamp)
 40862 | Swamp:4  | Entered Level 4 of the Swamp
 40877 | Swamp:4  | Noticed Roxanne
 40906 | Swamp:4  | Killed Roxanne
 41558 | Swamp:4  | Received a gift from Trog
 41856 | Swamp:4  | Noticed the 27-headed Lernaean hydra
 41884 | Swamp:4  | Killed the 25-headed Lernaean hydra
 42577 | Swamp:4  | Got a decaying rune of Zot
 42971 | Vaults:1 | Entered Level 1 of the Vaults
 43031 | Vaults:1 | Found a magical portal.
 43069 | WizLab   | Gained mutation: [Armour fits poorly on your strangely
                  | shaped body.] [a neqoxec]
 43070 | WizLab   | Gained mutation: You are weak. (Str -2) [a neqoxec]
 43465 | WizLab   | Paralysed by accursed screaming for 1 turns
 43899 | WizLab   | Received a gift from Trog
 44040 | WizLab   | Identified the cursed ring of a Million Tables {AC-2 Str+3}
                  | (You found it in a wizard's laboratory)
 44121 | WizLab   | Reached XP level 19. HP: 185/185 MP: 19/19
 44176 | WizLab   | Reached skill level 15 in Throwing
 44195 | WizLab   | Received a gift from Trog
 44279 | WizLab   | Found a transporter.
 44352 | WizLab   | Found a transporter.
 45460 | WizLab   | Got a distressingly furry buckler
 45467 | WizLab   | Identified the +2 buckler of Dramatic Exits {*Slow rPois
                  | MR+} (You acquired it in a wizard's laboratory)
 45479 | WizLab   | Got a faintly glowing glass ring
 45500 | WizLab   | Identified the ring of the Zebra {rC+ AC+3} (You found it
                  | in a wizard's laboratory)
 45504 | WizLab   | Got a transparent mace
 45505 | WizLab   | Identified the +8 mace of Plague {crush, rN+++ MR+ MP-9
                  | Dex+4} (You found it in a wizard's laboratory)
 45614 | Vaults:1 | Lost mutation: You are weak. (Str -2) [potion of mutation]
 45614 | Vaults:1 | Lost mutation: [Armour fits poorly on your strangely shaped
                  | body.] [potion of mutation]
 45614 | Vaults:1 | Gained mutation: Your mind is acute. (Int +2) [potion of
                  | mutation]
 45614 | Vaults:1 | Gained mutation: You have large cloven feet. [potion of
                  | mutation]
 45614 | Vaults:1 | Gained mutation: You are partially covered in thin metallic
                  | scales. (AC +2) [potion of mutation]
 45614 | Vaults:1 | Gained mutation: You are resistant to electric shocks.
                  | (rElec) [potion of mutation]
 45793 | Vaults:1 | Received a gift from Trog
 46100 | Vaults:1 | Received a gift from Trog
 46336 | Vaults:1 | You fall into a shaft and drop 1 floor!
 47623 | Vaults:2 | Received a gift from Trog
 48547 | Vaults:2 | Reached XP level 20. HP: 198/198 MP: 20/20
 48690 | Vaults:2 | Received a gift from Trog
 49261 | Vaults:3 | Got a shimmering dire flail
 49262 | Vaults:3 | Identified the cursed +1 dire flail of the Land of Plenty
                  | {crush, Str+2 Int+3} (You found it on level 3 of the
                  | Vaults)
 49776 | Vaults:3 | Found a staircase to the Crypt.
 49776 | Vaults:3 | Found a basalt altar of Yredelemnul.
 49777 | Vaults:3 | Found an ancient bone altar of Kikubaaqudgha.
 49867 | Vaults:3 | Received a gift from Trog
 50172 | Vaults:3 | Noticed Mara
 50178 | Vaults:3 | Noticed mortelune's illusion
 50185 | Vaults:3 | Killed Mara
 50237 | Vaults:3 | Noticed Asterion
 50246 | Vaults:3 | Killed Asterion
 50247 | Vaults:3 | Noticed Rupert
 50466 | Vaults:3 | Killed Rupert
 51404 | Vaults:3 | Found Heidofop's Assorted Antiques.
 51896 | Vaults:4 | Received a gift from Trog
 52422 | Vaults:4 | Received a gift from Trog
 52786 | Vaults:4 | Got an ichor-stained ring mail
 52797 | Vaults:4 | Identified the cursed +1 ring mail of the Demon Prince {rF+
                  | Int+2 Slay-5 Stlth+} (You found it on level 4 of the
                  | Vaults)
 53014 | Vaults:4 | Reached XP level 21. HP: 156/206 MP: 21/21
 53541 | Depths:1 | Entered Level 1 of the Depths
 54014 | Depths:1 | Received a gift from Trog
 54789 | Depths:1 | Found a bloodstained altar of Trog.
 55105 | Depths:1 | Found a gateway to Hell.
 55546 | Depths:2 | Received a gift from Trog
 55770 | Depths:2 | Found the +15 Maxwell's patent armour {-Cast -Tele rElec
                  | MR+ rCorr}
 55863 | Depths:2 | Received a gift from Trog
 56168 | Depths:2 | Received a gift from Trog
 56647 | Depths:2 | Received a gift from Trog
 56729 | Depths:2 | Got a bound wooden ring
 56739 | Depths:2 | Identified the ring "Ehuivvuq" {*Corrode rF+++ Str+2 Dex-3
                  | SInv} (You found it on level 2 of the Depths)
 56742 | Depths:2 | Got a warped iron ring
 56745 | Depths:2 | Identified the ring "Teocuapp" {Wiz rF+ Int+4} (You found
                  | it on level 2 of the Depths)
 56865 | Depths:2 | Found a one-way gate to the infinite horrors of the Abyss.
 56874 | Depths:2 | Got a twitching platinum ring
 56876 | Depths:2 | Identified the ring "Listagucwy" {MR++ Str+3 Dex+3} (You
                  | found it on level 2 of the Depths)
 57072 | Depths:2 | Found a one-way gate leading to the halls of Pandemonium.
 57086 | Depths:2 | Found a gateway to a ziggurat.
 57691 | Depths:3 | Reached XP level 22. HP: 183/219 MP: 22/22
 57701 | Depths:3 | Identified The Lost Secrets of the Arcane Arts
 57842 | Depths:3 | Received a gift from Trog
 57960 | Depths:3 | Received a gift from Trog
 58581 | Depths:3 | Received a gift from Trog
 58593 | Depths:3 | Got a crude executioner's axe {god gift}
 58594 | Depths:3 | Identified the +9 executioner's axe of the Distant Future
                  | {holy, Int+3 Stlth-} (Trog gifted it to you on level 3 of
                  | the Depths)
 60688 | Depths:4 | Received a gift from Trog
 61055 | Depths:4 | Found Boapoll's Jewellery Shop.
 61055 | Depths:4 | Found Looteam's Gadget Emporium.
 61056 | Depths:4 | Found Koesyafa's Jewellery Shop.
 61253 | Depths:5 | Entered Level 5 of the Depths
 61370 | Depths:5 | Noticed a golden dragon
 61373 | Depths:5 | Killed a golden dragon
 61399 | Depths:5 | Found a gate to the Realm of Zot.
 62502 | Depths:5 | Reached XP level 23. HP: 209/224 MP: 23/23
 62974 | Depths:5 | Received a gift from Trog
 63679 | Orc:2    | Bought a scroll of enchant armour for 195 gold pieces
 63715 | Elf:1    | Entered Level 1 of the Elven Halls
 64067 | Elf:1    | Received a gift from Trog
 64809 | Elf:2    | Found a runed translucent door.
 64832 | Elf:2    | Found a runed translucent door.
 64876 | Elf:2    | Received a gift from Trog
 64891 | Elf:2    | Received a gift from Trog
 64968 | Elf:2    | Found Yceab's Weapon Shoppe.
 65033 | Elf:2    | Received a gift from Trog
 65206 | Elf:2    | Received a gift from Trog
 65788 | Elf:2    | Noticed Agnes
 65800 | Elf:2    | Killed Agnes
 66079 | Elf:3    | Entered Level 3 of the Elven Halls
 66092 | Elf:3    | Received a gift from Trog
 66348 | Elf:3    | Received a gift from Trog
 66838 | Elf:3    | Received a gift from Trog
 66860 | Elf:3    | Identified the +1 robe "Beulat" {rCorr Str-5 Stlth+}
 67063 | Elf:3    | Identified the +7 scimitar of Sofolucrej {freeze, rF+}
 67063 | Elf:3    | Identified the ring of Kon Vurit {rF+ rC+ Dex+7}
 67475 | Elf:3    | Identified the Volume of Ashen Confrontation
 67534 | Elf:3    | Identified the Collected Works on Torrid Moulding
 67612 | Elf:3    | Identified the Catalogue of the Blistering Rocks
 67677 | Elf:3    | Identified the Volume of Dislocated Lightness
 67855 | Elf:3    | Noticed Nikola
 67870 | Elf:3    | Killed Nikola
 68113 | Elf:3    | Reached XP level 24. HP: 238/238 MP: 7/23
 68956 | Vaults:5 | Entered Level 5 of the Vaults
 68993 | Vaults:5 | Received a gift from Trog
 69381 | Vaults:5 | Received a gift from Trog
 69462 | Vaults:5 | Reached skill level 5 in Evocations
 69849 | Vaults:5 | Identified the Almanac of the Gliding Escort
 70059 | Vaults:5 | Received a gift from Trog
 70396 | Vaults:5 | Received a gift from Trog
 70667 | Vaults:5 | Identified the -1 pair of boots of the Eternal Void {Str+3}
                  | (You acquired it on level 5 of the Vaults)
 70744 | Vaults:5 | Got a silver rune of Zot
 70771 | Vaults:5 | Identified the +9 quarterstaff "Nofioc" {vamp, *Corrode rF+
                  | Int+6}
 70775 | Vaults:5 | Received a gift from Trog
 70975 | Vaults:5 | Identified the +3 ring mail of Rujiadem {Int+5}
 71338 | Vaults:5 | Identified the Tome of Protection and Heat
 71515 | Vaults:5 | Identified the +1 cloak of Immorality {rN+ Regen+ Str-3
                  | Dex+3} (You found it on level 5 of the Vaults)
 72120 | Slime:1  | Entered Level 1 of the Pits of Slime
 72145 | Slime:1  | Reached XP level 25. HP: 204/248 MP: 27/27
 72284 | Slime:4  | Received a gift from Trog
 72337 | Slime:5  | Entered Level 5 of the Pits of Slime
 72417 | Slime:4  | Received a gift from Trog
 72582 | Slime:4  | Gained mutation: [Armour fits poorly on your strangely
                  | shaped body.] [a shining eye]
 72649 | Slime:5  | Gained mutation: You do not regenerate when monsters are
                  | visible. [a shining eye]
 72847 | Slime:5  | Noticed the Royal Jelly
 72859 | Slime:5  | Killed the Royal Jelly
 72889 | Slime:5  | Received a gift from Trog
 73162 | Slime:5  | Identified the Volume of Venom
 73167 | Slime:5  | Identified the ring of Dagovvoch {Ice Slay+2} (You found it
                  | on level 5 of the Pits of Slime)
 73192 | Slime:5  | Got a slimy rune of Zot
 73221 | Slime:5  | Identified Sif Muna's Handbook of Ghastly Transmutation
 73530 | Temple   | Entered the Ecumenical Temple
 73531 | Temple   | Lost mutation: [Armour fits poorly on your strangely shaped
                  | body.] [potion of mutation]
 73531 | Temple   | Lost mutation: You have large cloven feet. [potion of
                  | mutation]
 73531 | Temple   | Lost mutation: You do not regenerate when monsters are
                  | visible. [potion of mutation]
 73531 | Temple   | Gained mutation: You expend magic power (3 MP) to
                  | strengthen your wands. [potion of mutation]
 73531 | Temple   | Gained mutation: Your flesh is cold resistant. (rC+)
                  | [potion of mutation]
 73700 | D:7      | Fell from the grace of Trog
 73700 | D:7      | Became a worshipper of the Shining One
 74166 | Crypt:1  | Entered Level 1 of the Crypt
 74196 | Crypt:1  | Reached skill level 1 in Invocations
 74248 | Crypt:1  | Reached * piety under the Shining One
 74536 | Crypt:1  | Noticed Xtahua
 74648 | Crypt:1  | Killed Xtahua
 74696 | Crypt:1  | Reached ** piety under the Shining One
 74929 | Crypt:1  | Noticed Mennas
 74947 | Crypt:1  | Killed Mennas
 74947 | Crypt:1  | Reached skill level 5 in Invocations
 75167 | Crypt:1  | Reached *** piety under the Shining One
 75386 | Crypt:2  | Got a vibrating silver amulet
 75387 | Crypt:2  | Identified the amulet of Cino {RegenMP rPois} (You found it
                  | on level 2 of the Crypt)
 75544 | Crypt:2  | Reached **** piety under the Shining One
 75705 | Crypt:2  | Noticed an ancient lich
 75714 | Crypt:2  | Reached ***** piety under the Shining One
 75721 | Crypt:2  | Killed an ancient lich
 75749 | Crypt:2  | Identified the Catalogue of Dark Rituals
 75797 | Crypt:3  | Entered Level 3 of the Crypt
 75876 | Crypt:3  | Found a basalt altar of Yredelemnul.
 75879 | Crypt:3  | Reached ****** piety under the Shining One
 76011 | Crypt:3  | Reached skill level 10 in Invocations
 76099 | Crypt:3  | Reached skill level 27 in Fighting
 76099 | Crypt:3  | Reached XP level 26. HP: 257/257 MP: 29/29
 76158 | Crypt:3  | Noticed Jory
 76170 | Crypt:3  | Killed Jory
 76172 | Crypt:3  | Found a staircase to the Tomb.
 76178 | Crypt:3  | Reached skill level 27 in Armour
 76290 | Crypt:3  | Identified the cursed +0 leather armour of the Iron City of
                  | Dis {rF+ rN+} (You found it on level 3 of the Crypt)
 76438 | Crypt:3  | Identified the +1 mace of Ruceoxt {protect, rElec} (You
                  | found it on level 3 of the Crypt)
 76661 | Crypt:3  | Identified the Catalogue of Black Magic
 77930 | Depths:2 | Identified Ekhilerch's Incunabulum of Flying Talismans
 77970 | Depths:2 | Identified the +9 hand crossbow "Grim Tooth" {elec, rPois
                  | Str+5 Dex-3 Stlth+} (You found it on level 2 of the Depths)
 78343 | Depths:2 | Voluntarily entered the Abyss.
 78351 | Abyss:1  | Found a corrupted altar of Lugonu.
 78431 | Abyss:2  | Paralysed by a floating eye for 4 turns
 78807 | Abyss:2  | Paralysed by accursed screaming for 1 turns
 78810 | Abyss:2  | Paralysed by accursed screaming for 1 turns
 79135 | Abyss:3  | Found a sacrificial altar of Ru.
 79164 | Abyss:3  | Gained mutation: You have very sharp teeth. [a neqoxec]
 79165 | Abyss:3  | Gained mutation: You are occasionally teleported next to
                  | monsters. [a neqoxec]
 79213 | Abyss:3  | Gained mutation: [You occasionally shout uncontrollably at
                  | your foes.] [a neqoxec]
 79214 | Abyss:3  | Gained mutation: Your magical capacity is low. (-10% MP) [a
                  | neqoxec]
 79395 | Abyss:3  | Paralysed by accursed screaming for 1 turns
 79964 | Abyss:3  | Paralysed by accursed screaming for 2 turns
 80030 | Abyss:3  | Gained mutation: You are frail. (-10% HP) [a neqoxec]
 80058 | Abyss:3  | Gained mutation: [You sometimes yell uncontrollably at your
                  | foes.] [a neqoxec]
 80064 | Abyss:3  | Gained mutation: [Your body sometimes deteriorates upon
                  | taking damage.] [a neqoxec]
 80066 | Abyss:3  | Gained mutation: Your spells are a little easier to cast,
                  | but a little less powerful. [a neqoxec]
 80083 | Abyss:3  | Reached skill level 15 in Invocations
 80499 | Abyss:3  | Found a hazy altar of Hepliaklqana.
 80538 | Abyss:3  | Gained mutation: [You are clumsy. (Dex -2)] [a neqoxec]
 80550 | Abyss:3  | Reached XP level 27. HP: 206/232 MP: 30/30
 80790 | Abyss:3  | Got an abyssal rune of Zot
 81103 | Depths:2 | Escaped the Abyss
 81244 | Depths:2 | Annihilated by a stone giant

Levels and vault maps discovered:
D:1:      ncdulo_smallfort, layout_basic, minmay_indecisive_spiral
D:2:      layout_loops_ring, grunt_dithmenos_smoke_and_mirrors,
          minmay_stone_trees_small, uniq_terence
D:3:      layout_rooms, grunt_temple_overflow_open, kennysheep_slug_shrine,
          first_ration, minmay_fractal_squares_5
D:4:      old_forge, layout_layer_cave,
          grunt_temple_overflow_lords_of_destruction,
          nicolae_overflow_crystal_walls, nemelex_xobeh_ov_fountains_minmay,
          serial_shops, nicolae_shop_stone, minmay_misc_feat_x,
          minmay_joined_circles
D:5:      layout_rooms, old_standard_altar, kb_xom_exploding_sheep,
          minmay_temple_entry_junction_2, uniq_sigmund, uniq_pikel
D:6:      layout_loops_ring, old_standard_altar, serial_shops, shop,
          serial_bayou_crossing
D:7:      cheibrodos_barr_body, layout_basic, lemuel_doored_altar,
          overflow_temple_1_default, kennysheep_generic_room_11
D:8:      wad_woods_minihive, layout_cave_pools
D:9:      layout_roguey, dpeg_lair_monsters, special_room [special_room_kobold]
D:10:     layout_rooms, erik_orc_2, uniq_harold, uniq_erica
D:11:     minmay_blocky_corners, layout_long_grid
D:12:     layout_roguey, serial_shops, shop, grunt_tengu_nest,
          chequers_serial_rivers_small_b, st_stairs_9, uniq_kirke
D:13:     layout_rooms, serial_shops,
          nicolae_shop_temple_entry_statues_fountains,
          portal_ice_cave_entry_pillars_2, uniq_jorgrun
D:14:     layout_cave_pools, grunt_vaults_entry_tiered, roderic_serpentine_path
D:15:     grunt_enter_depths_magical_seal, layout_loops_ring, nicolae_sextant,
          uniq_azrael
Temple:   nicolae_temple_figure_zero
Lair:1:   layout_gridlike, chequers_serial_rivers_room_b, serial_bayou_shore_a
Lair:2:   layout_cave_pods, minmay_snake_entry_guardpost_small,
          serial_bayou_lake_a
Lair:3:   layout_gridlike, nicolae_swamp_entry_splash_gauntlet, uniq_urug
Lair:4:   layout_gridlike, grunt_megastairs_2
Lair:5:   layout_gridlike, slime_altar_1
Lair:6:   gammafunk_lair_ancient_temple, layout_layer_cave, uniq_nessos
Swamp:1:  layout_falls_marsh, infiniplex_staircase_pool_2, swamp_pool5,
          kb_tengu_band
Swamp:2:  layout_basic_swamp, evilmike_swamp_ruin_house_5
Swamp:3:  layout_falls_marsh, hangedman_swamp_blocks
Swamp:4:  swamp_old_school, layout_basic_swamp, uniq_roxanne
Snake:1:  layout_honeycomb, nicolae_snake_squiggles, serial_bayou_shore_b
Snake:2:  layout_misc_corridors, uniq_aizul
Snake:3:  layout_gridlike
Snake:4:  snake_pit, layout_cave_town, uniq_saint_roka
Slime:1:  layout_caves
Slime:2:  layout_caves, uniq_dissolution
Slime:3:  layout_caves
Slime:4:  layout_caves, basic_altar, dissolution_awaits
Slime:5
Orc:1:    layout_diamond_mine, nicolae_volcano_entry_batcave, enter_bailey_6,
          guppyfry_library_mini
Orc:2:    st_orc_ogre_mass, layout_diamond_mine, gauntlet_entry_generic,
          uniq_snorg
Elf:1:    eino_elf_arrival_shootout, layout_rooms, hangedman_corner_corridor,
          small_chamber_with_monster
Elf:2:    layout_geoelf_diagonals, serial_shops, nicolae_shop_behind_doors,
          grunt_ministairs_2, minmay_misc_feat_diagonals, uniq_agnes
Elf:3:    grunt_elf_hall_diamonds, layout_gridlike, uniq_nikola
Vaults:1: nicolae_vaults_big_angled_halls, ontoclasm_vaults_tryst,
          ontoclasm_vaults_spin, grunt_vaults_hallway_short,
          nicolae_vaults_alarming, nicolae_vaults_angled_halls,
          layout_vaults_omnigrid, infiniplex_enter_wizlab_water
Vaults:2: v_misc_16, hangedman_vaults_stitches, hangedman_vaults_capsules,
          nicolae_vaults_little_squares_6, v_misc_33, dpeg_vaults_monster_box,
          v_misc_5, layout_vaults_chaotic_city
Vaults:3: nicolae_vaults_network_quinsquares
          [nicolae_vaults_network_quincunx_subvault,
          nicolae_vaults_network_quincunx_subvault,
          nicolae_vaults_network_quincunx_subvault,
          nicolae_vaults_network_quincunx_subvault],
          ontoclasm_vaults_claustrophobia, v_misc_31,
          nicolae_vaults_puzzle_piece, nicolae_vaults_rhombus_5,
          hangedman_vaults_nodes, vaults_room_large_hall, v_misc_29,
          hangedman_vaults_hat, vaults_dpeg_hooks, ontoclasm_vaults_gateway,
          minmay_crypt_entry_necro_gods, vaults_dpeg_diagonal, sword_in_stone,
          vaults_room_hallway, vaults_dpeg_ring, layout_vaults_maze_snakey,
          serial_shops, shop, uniq_mara
Vaults:4: hangedman_vaults_corner, nicolae_vaults_yaktaur_gun_rack,
          nicolae_vaults_angled_halls, vaults_mumra_lcd,
          hangedman_vaults_unwind, nicolae_vaults_asterisk,
          vaults_mumra_chevron_long, v_misc_22, dpeg_vaults_monster_row,
          v_misc_24, nicolae_vaults_border_crossing, v_misc_25,
          hangedman_vaults_nails, layout_vaults_ring
Vaults:5: serial_shops
Crypt:1:  layout_misc_corridors, uniq_xtahua, uniq_mennas
Crypt:2:  layout_rooms, special_room [special_room_morgue]
Crypt:3:  grunt_crypt_end_deaths_head
Depths:1: minmay_stepped, layout_cave_pools, lemuel_round_altar, hellmouth_1,
          minivault_16, lemuel_flames_and_gold
Depths:2: radiant_caverns_b_rkd, pan_entry, abyss_entry, hell_entry
Depths:3: wad_lake_hut, layout_basic, grunt_pan_entry_sceptre,
          pf_hell_entry_tar_spiral
Depths:4: kennysheep_blocky_hall, layout_cave_pools,
          infiniplex_staircase_zigzag_3, hangedman_coc_ice_floe, abyss_entry,
          grunt_ministairs_15, minmay_shop_grove, serial_bayou_shore_b
Depths:5: evilmike_zot_entry_argh, layout_basic, abyss_entry, lightli_too_deep,
          dk_noncrumbling_4

Skill      XL: |  1  2  3  4  5  6  7  8  9 10 11 12 13 14 15 16 17 18 19 20 21 22 23 24 25 26 27 |
---------------+----------------------------------------------------------------------------------+-----
Axes           | 4 5 6 7 8 10 12 14 15 17 19 20 21 22 23 24 25 26 | 26.0
Fighting       | 4 5 6 7 9 10 12 13 14 16 17 18 19 20 21 22 23 24 25 26 27 | 27.0
Armour         | 3 4 6 7 8 10 11 13 14 15 17 18 19 20 22 23 24 25 26 27 | 27.0
Throwing       | 4 8 10 13 14 16 18 19 20 21 | 21.3
Evocations     | 1 2 6 8 |  8.2
Invocations    | 10 15 17 | 17.2
Dodging        | |  2.4

Action                   |  1- 3 |  4- 6 |  7- 9 | 10-12 | 13-15 | 16-18 | 19-21 | 22-24 | 25-27 || total
-------------------------+-------+-------+-------+-------+-------+-------+-------+-------+-------++-------
Melee: Hand axe          |    63 |   155 |    71 |       |       |       |       |       |       ||   289
       Headbutt          |    14 |    23 |    60 |    97 |   232 |   251 |   228 |   326 |   417 ||  1648
       Executioner's axe |       |       |   111 |       |       |   653 |   917 |   688 |  1299 ||  3668
       Battleaxe         |       |       |    80 |   441 |   894 |   434 |     3 |   407 |       ||  2259
       Quarterstaff      |       |       |    11 |       |     9 |       |       |       |       ||    20
       Bite              |       |       |       |       |       |       |       |       |    86 ||    86
Throw: Boomerang         |       |       |     3 |     5 |     9 |     3 |    95 |    47 |       ||   162
       Javelin           |       |       |       |       |    44 |    55 |    45 |    45 |    15 ||   204
       Dart              |       |       |       |       |     2 |       |       |       |       ||     2
Invok: Berserk           |     1 |     4 |     3 |     2 |     2 |     3 |     2 |       |       ||    17
       Trog's Hand       |       |       |     1 |     5 |     8 |     4 |     2 |     2 |       ||    22
       Brothers in Arms  |       |       |       |     4 |     4 |     9 |     8 |     4 |     7 ||    36
       Summon Divine War |       |       |       |       |       |       |       |       |     3 ||     3
       Cleansing Flame   |       |       |       |       |       |       |       |       |     1 ||     1
 Abil: Evoke Invisibilit |       |       |       |       |       |     1 |       |       |       ||     1
       Evoke Flight      |       |       |       |       |       |       |       |       |     1 ||     1
Evoke: Wand              |       |       |       |    11 |     4 |     1 |     2 |       |       ||    18
       Phantom mirror    |       |       |       |       |       |       |       |       |     1 ||     1
  Use: Potion            |       |     1 |       |       |     6 |     5 |     6 |     1 |     2 ||    21
       Scroll            |       |     4 |     8 |     5 |    19 |    16 |    16 |    14 |    17 ||    99
 Stab: Petrified         |       |       |       |     5 |       |       |       |       |       ||     5
       Distracted        |       |       |       |       |     2 |     2 |       |     2 |       ||     6
       Invisible         |       |       |       |       |       |     3 |       |       |       ||     3
  Eat: Chunk             |     2 |    11 |    15 |    23 |    43 |    17 |    26 |    30 |     3 ||   170
       Ration            |       |       |       |     2 |     1 |    14 |     6 |     6 |     9 ||    38
Armor: Animal skin       |     8 |       |       |       |       |       |       |       |       ||     8
       Chain mail        |     8 |    75 |   159 |   213 |       |       |       |       |       ||   455
       Ring mail         |       |     9 |       |       |     1 |       |       |       |       ||    10
       Plate armour      |       |       |       |    55 |   589 |   909 |   680 |   330 |       ||  2563
       Fire dragon scale |       |       |       |       |    55 |       |       |       |       ||    55
       Gold dragon scale |       |       |       |       |       |       |       |   520 |   956 ||  1476
Dodge: Dodged            |    26 |    76 |   138 |   219 |   579 |   676 |   484 |   592 |   766 ||  3556

Table legend:
 A = Non-vault XP
 B = Vault XP
 C = Vault XP percentage of total XP
 D = Non-vault monster count
 E = Vault monster count
 F = Vault count percentage of total count
                 A         B        C        D         E       F
            +---------+---------+-------+---------+---------+-------
      Total |  822652 |  741099 |  47.4 |    1885 |    1133 |  37.5
            +---------+---------+-------+---------+---------+-------
        D:1 |      38 |       6 |  13.6 |      15 |       4 |  21.1
        D:2 |      55 |      39 |  41.5 |      14 |       2 |  12.5
        D:3 |     124 |      10 |   7.5 |      16 |       5 |  23.8
        D:4 |     295 |     613 |  67.5 |      17 |      23 |  57.5
        D:5 |     799 |     837 |  51.2 |      35 |       2 |   5.4
        D:6 |     452 |       0 |   0.0 |      11 |       0 |   0.0
        D:7 |     572 |     601 |  51.2 |      16 |      12 |  42.9
        D:8 |    1207 |    5649 |  82.4 |      23 |      60 |  72.3
        D:9 |     652 |    7829 |  92.3 |      26 |      23 |  46.9
       D:10 |    3162 |    2972 |  48.5 |      29 |      23 |  44.2
       D:11 |    7150 |     306 |   4.1 |      38 |       2 |   5.0
       D:12 |    6196 |    3028 |  32.8 |      37 |       4 |   9.8
       D:13 |   13367 |    3040 |  18.5 |      47 |       1 |   2.1
       D:14 |    6559 |    6954 |  51.5 |      23 |      25 |  52.1
       D:15 |    5213 |    7691 |  59.6 |      17 |      18 |  51.4
     Lair:1 |    1534 |       0 |   0.0 |       9 |       0 |   0.0
     Lair:2 |    7051 |     492 |   6.5 |      25 |       3 |  10.7
     Lair:3 |    6721 |    1585 |  19.1 |      31 |       5 |  13.9
     Lair:4 |    8618 |     486 |   5.3 |      33 |       2 |   5.7
     Lair:5 |    2173 |       0 |   0.0 |      15 |       0 |   0.0
     Lair:6 |    9319 |   10833 |  53.8 |      30 |      28 |  48.3
    Swamp:1 |   16341 |    1622 |   9.0 |      37 |       5 |  11.9
    Swamp:2 |   12610 |       0 |   0.0 |      25 |       0 |   0.0
    Swamp:3 |    9749 |       0 |   0.0 |      20 |       0 |   0.0
    Swamp:4 |   12460 |   19731 |  61.3 |      32 |      25 |  43.9
    Snake:1 |   14682 |       0 |   0.0 |      29 |       0 |   0.0
    Snake:2 |   19524 |    1023 |   5.0 |      44 |       1 |   2.2
    Snake:3 |   12020 |       0 |   0.0 |      24 |       0 |   0.0
    Snake:4 |   20380 |   32793 |  61.7 |      35 |      52 |  59.8
    Slime:1 |    9387 |       0 |   0.0 |      20 |       0 |   0.0
    Slime:2 |    2908 |       0 |   0.0 |       5 |       0 |   0.0
    Slime:3 |    7762 |       0 |   0.0 |       9 |       0 |   0.0
    Slime:4 |    7651 |    5685 |  42.6 |      19 |       3 |  13.6
    Slime:5 |   15444 |   23082 |  59.9 |      36 |      12 |  25.0
      Orc:1 |    2822 |    1478 |  34.4 |      35 |      12 |  25.5
      Orc:2 |    2506 |   15846 |  86.3 |      24 |      45 |  65.2
      Elf:1 |   24410 |    3132 |  11.4 |      42 |       6 |  12.5
      Elf:2 |   27019 |   31703 |  54.0 |      47 |      35 |  42.7
      Elf:3 |    9820 |   42353 |  81.2 |      15 |      28 |  65.1
   Vaults:1 |   21021 |    2286 |   9.8 |      35 |       3 |   7.9
   Vaults:2 |   38206 |   12847 |  25.2 |      51 |      20 |  28.2
   Vaults:3 |   28810 |   32411 |  52.9 |      42 |      40 |  48.8
   Vaults:4 |   18316 |   29754 |  61.9 |      39 |      49 |  55.7
   Vaults:5 |   38326 |  112170 |  74.5 |      50 |      85 |  63.0
    Crypt:1 |   23212 |   13345 |  36.5 |      33 |       2 |   5.7
    Crypt:2 |   11455 |   17890 |  61.0 |      20 |      16 |  44.4
    Crypt:3 |       0 |   81077 | 100.0 |       0 |     119 | 100.0
   Depths:1 |   34162 |   16074 |  32.0 |      52 |      15 |  22.4
   Depths:2 |       0 |   67896 | 100.0 |       0 |     109 | 100.0
   Depths:3 |   47516 |    5649 |  10.6 |      60 |      15 |  20.0
   Depths:4 |   24906 |    6128 |  19.7 |      35 |       7 |  16.7
   Depths:5 |   39983 |   22111 |  35.6 |      44 |      14 |  24.1
    Abyss:2 |   37004 |    4587 |  11.0 |      80 |      12 |  13.0
    Abyss:3 |  149758 |   11944 |   7.4 |     325 |      17 |   5.0
     Bailey |       0 |    2254 | 100.0 |       0 |      37 | 100.0
      IceCv |       0 |   13227 | 100.0 |       0 |      54 | 100.0
    Volcano |       0 |    1388 | 100.0 |       0 |       4 | 100.0
     WizLab |    1225 |   56642 |  97.9 |      14 |      49 |  77.8
            +---------+---------+-------+---------+---------+-------
